 Dungeon Crawl Stone Soup version 0.28-a0-657-g71136c5590 (webtiles) character file.

Game seed: 10614260706662365143

3538 karkarkar the Cleaver (level 9, 0/82 HPs)
             Began as a Minotaur Fighter on Oct 13, 2021.
             Was an Initiate of Ashenzari.
             Slain by an unseen horror (5 damage)
             ... on level 9 of the Dungeon.
             The game lasted 00:15:02 (9982 turns).

karkarkar the Cleaver (Minotaur Fighter)            Turns: 9982, Time: 00:15:03

Health: 0/82       AC: 13    Str: 25    XL:     9   Next: 82%
Magic:  8/8        EV:  9    Int:  5    God:    Ashenzari [......]
Gold:   455        SH:  5    Dex: 15    Spells: 8/8 levels left

rFire   . . .      SeeInvis .   a - +0 war axe
rCold   . . .      Faith    .   c - +0 buckler
rNeg    . . .      Spirit   .   k - +0 chain mail
rPois   .          Reflect  .   (helmet restricted)
rElec   .          Harm     .   (no cloak)
rCorr   .          Rampage  .   w - +0 pair of gloves
Will    .....                   q - +0 pair of boots
Stlth   ..........              (no amulet)
HPRegen 0.23/turn               e - +6 ring of dexterity
MPRegen 0.11/turn               y - ring of flight

@: flying
A: horns 2, retaliatory headbutt
a: Renounce Religion, Curse Item


You were on level 9 of the Dungeon.
You worshipped Ashenzari.
Ashenzari was noncommittal.
You visited 2 branches of the dungeon, and saw 10 of its levels.

You collected 455 gold pieces.

Inventory:

Hand Weapons
 a - a +0 war axe (weapon)
 b - a +1 hunting sling of freezing
Missiles
 h - 47 poisoned darts
 j - 56 sling bullets
Armour
 c - a +0 buckler (worn)
 k - a +0 chain mail (worn)
 q - a +0 pair of boots (worn)
 w - a +0 pair of gloves (worn)
Jewellery
 e - a +6 ring of dexterity (left hand)
 y - a ring of flight (right hand)
Wands
 r - a wand of paralysis (6)
 t - a wand of acid (14) (quivered)
Scrolls
 f - 2 scrolls of magic mapping
 g - 2 scrolls of teleportation
 m - a scroll of immolation
 n - 3 scrolls of enchant weapon
 o - a scroll of amnesia
 p - a scroll of holy word
 z - a scroll of enchant armour
Potions
 d - 3 potions of might
 i - a potion of ambrosia
 l - 2 potions of brilliance
 s - a potion of heal wounds
 u - a potion of haste
 v - a potion of magic
 x - a potion of cancellation


   Skills:
 + Level 8.7 Fighting
 + Level 11.0 Axes
 + Level 1.9(2.3) Slings
 + Level 1.8(2.2) Throwing
 - Level 7.1 Armour
 + Level 2.7 Dodging
 + Level 1.6 Stealth
 - Level 5.7 Shields
 * Level 2.9 Evocations


You had 8 spell levels left.
You didn't know any spells.
Your spell library was empty.

Dungeon Overview and Level Annotations

Branches:
Dungeon (9/15)             Temple (1/1) D:5
   Lair: D:8-11         Orc: D:9-12

Altars:
Ashenzari
Dithmenos
Elyvilon
Fedhas
Gozag
Hepliaklqana
Kikubaaqudgha
Makhleb
Nemelex Xobeh
Okawaru
Qazlal
Ru
Vehumet
Wu Jian
Xom
Yredelemnul
Zin


Innate Abilities, Weirdness & Mutations

You have a pair of horns on your head.
You reflexively headbutt those who attack you in melee.


Message History

Something hits you but does no damage.
Your Axes skill increases to level 11!
No target in view!
No target in view!
Something hits you. Something hits you. Something hits you but does no damage.
Something hits you but does no damage. Something hits you but does no damage.
Something hits you. Something hits you but does no damage.
Something hits you but does no damage. Something hits you.
Something hits you but does no damage. Something hits you.
There is an open door here.
You block something's attack.
Something hits you but does no damage. x2
Something hits you but does no damage. Something hits you but does no damage.
Something hits you!
You closely miss something. Something hits you but does no damage.
Something hits you but does no damage. Something hits you. Something hits you.
Something hits you. You block something's attack.
You miss something. You headbutt something! Something hits you.
You slash something! Your headbutt misses something. Something hits you. x2
Your chain mail prevents you from hitting something.
You headbutt something. Something hits you.
* * * LOW HITPOINT WARNING * * *
Something hits you but does no damage. Something hits you but does no damage.
As you read the scroll of fog, it crumbles to dust.
The scroll dissolves into smoke.
Something hits you!
* * * LOW HITPOINT WARNING * * *
Something hits you!
* * * LOW HITPOINT WARNING * * *
Something hits you but does no damage. Something hits you but does no damage.
Something hits you.
You die...

#...###..#..####...###
##.§§§...#.....#......
##..#####§#####.....#......
.......§§§§{§.......#.....#
#######+###§####....###....
#§§§§§.§...).......
#§§§.........))....
#{.........)÷<.†>+.
#+######@###############.
.........................
..#......................
#.........###..######..
#......................
........................
#########################


There were no monsters in sight!

Vanquished Creatures
  Pikel (D:6)
  A meliai zombie (D:5)
  Sigmund (D:6)
  A yak (D:9)
  A wyvern (D:8)
  A steam dragon (D:8)
  A water moccasin (D:5)
  A sky beast (D:8)
  A necrophage (D:8)
  A black bear (D:7)
  2 ogres
  2 centaurs (D:7)
  A lemure (D:6)
  A gnoll sergeant (D:9)
  4 bullfrogs
  2 scorpions
  A wyvern skeleton (D:5)
  3 killer bees (D:9)
  4 wights
  6 howler monkeys
  2 jellies (D:4)
  4 hounds
  A gnoll shaman (D:6)
  An iguana (D:5)
  An orc wizard (D:8)
  A hound skeleton (D:5)
  12 gnolls
  4 adders
  4 river rats (D:3)
  2 shadow imps
  3 adder skeletons
  4 worms
  3 dart slugs
  14 orcs
  8 ball pythons
  5 bats
  11 endoplasms
  3 giant cockroaches
  3 goblins
  6 hobgoblins
  4 kobolds
  3 quokkas
  2 frilled lizards (D:3)
  6 rats
143 creatures vanquished.

Notes
Turn   | Place    | Note
-------+----------+-------------------------------------------
     0 | D:1      | karkarkar the Minotaur Fighter began the quest for the Orb.
     0 | D:1      | Reached XP level 1. HP: 19/19 MP: 0/0
   172 | D:1      | Reached XP level 2. HP: 24/27 MP: 1/1
   334 | D:1      | Found a faded altar of an unknown god.
  1165 | D:2      | Reached skill level 3 in Axes
  1165 | D:2      | Reached XP level 3. HP: 33/33 MP: 2/2
  1171 | D:2      | Found a radiant altar of Vehumet.
  1741 | D:3      | Reached XP level 4. HP: 41/41 MP: 3/3
  1749 | D:3      | Reached skill level 4 in Axes
  1867 | D:3      | Found a sparkling altar of Nemelex Xobeh.
  2472 | D:3      | Reached XP level 5. HP: 35/47 MP: 4/4
  2487 | D:3      | Reached skill level 1 in Dodging
  3007 | D:4      | Reached skill level 5 in Fighting
  3222 | D:4      | Noticed an ogre
  3248 | D:4      | Killed an ogre
  3249 | D:4      | Reached skill level 5 in Armour
  3249 | D:4      | Reached XP level 6. HP: 32/56 MP: 5/5
  3649 | D:4      | Reached skill level 5 in Axes
  4215 | D:5      | Entered Level 5 of the Dungeon
  4730 | D:5      | Reached XP level 7. HP: 21/60 MP: 6/6
  4934 | D:5      | Found a basalt altar of Yredelemnul.
  5162 | D:5      | Reached skill level 6 in Axes
  5559 | D:5      | Reached XP level 8. HP: 61/71 MP: 7/7
  5685 | D:5      | Reached skill level 1 in Stealth
  5685 | D:5      | Reached skill level 5 in Shields
  6082 | D:5      | Found a staircase to the Ecumenical Temple.
  6246 | Temple   | Entered the Ecumenical Temple
  6368 | Temple   | Became a worshipper of Ashenzari the Shackled
  6746 | D:6      | Noticed Sigmund
  6758 | D:6      | Killed Sigmund
  6759 | D:6      | Reached skill level 7 in Axes
  7013 | D:6      | Reached skill level 1 in Slings
  7242 | D:6      | Noticed Pikel
  7262 | D:6      | Killed Pikel
  7263 | D:6      | Reached skill level 8 in Axes
  7263 | D:6      | Reached skill level 1 in Throwing
  7473 | D:6      | Identified a scroll of acquirement
  7520 | D:6      | Reached XP level 9. HP: 65/80 MP: 8/8
  8022 | D:7      | Reached skill level 9 in Axes
  8198 | D:7      | Reached skill level 1 in Evocations
  8684 | D:7      | Acquired a +0 executioner's axe of flaming
  8736 | D:8      | Reached skill level 10 in Axes
  9952 | D:9      | Reached skill level 11 in Axes
  9977 | D:9      | HP: 4/82 [something (9)]
  9982 | D:9      | Slain by an unseen horror

Illustrated notes

Levels and vault maps discovered:
D:1:      amcnicky_arrival_blooded_trapdoor, layout_basic,
          shapermc_ecumenical_altar_notcrosses
D:2:      layout_rooms, basic_altar, kennysheep_generic_room_4
D:3:      layout_basic, nemelex_dance_club_becter, portal_sewer_entry_e
D:4:      layout_basic
D:5:      layout_basic, mainiacjoe_overflow_24_doors,
          minmay_temple_entry_butterflies
D:6:      layout_basic, uniq_sigmund, uniq_pikel
D:7:      layout_basic, st_stairs_13
D:8:      layout_basic
D:9:      minmay_the_grid_net [minmay_the_grid_stretched_grid,
          minmay_the_grid_aliased_spiral, minmay_the_grid_doors,
          minmay_the_grid_holed_spiral, minmay_the_grid_minigrid_small,
          minmay_the_grid_prize_trominoes], layout_stronghold,
          chequers_temple_overflow_minitemple, serial_shops,
          nicolae_lakefront_shop, hangedman_abyss_or_decor_stagger,
          serial_bayou_pond_d
Temple:   regret_index_temple_waves

Skill      XL: |  1  2  3  4  5  6  7  8  9 |
---------------+----------------------------+-----
Fighting       | 4 5 6 7 8 |  8.7
Shields        | 4 5 |  5.7
Axes           | 3 4 5 6 8 11 | 11.0
Armour         | 4 5 6 7 |  7.1
Dodging        | 1 2 |  2.7
Stealth        | 1 |  1.6
Slings         | 1 |  1.9
Throwing       | 1 |  1.8
Evocations     | 2 |  2.9

Action                   |  1- 3 |  4- 6 |  7- 9 || total
-------------------------+-------+-------+-------++-------
Melee: War axe           |    60 |   108 |   175 ||   343
       Headbutt          |    11 |    27 |    42 ||    80
 Fire: Hunting sling     |       |       |     2 ||     2
Throw: Dart              |       |     4 |     7 ||    11
Evoke: Wand              |       |       |     1 ||     1
  Use: Scroll            |     2 |     3 |     3 ||     8
Armor: Scale mail        |    28 |    15 |       ||    43
       Chain mail        |       |    20 |    96 ||   116
Dodge: Dodged            |    29 |    55 |    75 ||   159
Block: Buckler           |    11 |    31 |    60 ||   102

Table legend: (Time is in decaauts)
 A = Elapsed time spent in this place.
 B = Non-inter-level travel time spent in this place.
 C = Inter-level travel time spent in this place.
 D = Time resting spent in this place.
 E = Time spent auto-exploring this place.
 F = Levels seen in this place.
 G = Mean time per level.
                   A        B        C        D        E       F      G
               +--------+--------+--------+--------+--------+-----+--------+
         Total |  10047 |   9572 |    475 |   1830 |   6215 |  10 | 1004.7 |
       Dungeon |   9866 |   9434 |    432 |   1830 |   6124 |   9 | 1096.2 |
        Temple |    180 |    137 |     43 |      0 |     91 |   1 |  180.0 |
               +--------+--------+--------+--------+--------+-----+--------+

Top non-repeatable levels by time:
     D:4: 1811 daAuts
     D:5: 1598 daAuts
     D:6: 1495 daAuts
     D:3: 1226 daAuts
     D:8: 1068 daAuts
     D:1: 1034 daAuts
     D:7: 738 daAuts
     D:2: 684 daAuts
     D:9: 209 daAuts
  Temple: 180 daAuts
